 Dungeon Crawl Stone Soup version 0.27-a0-811-ga052575696 (webtiles) character file.

Game seed: 8506324624355888896

2583 EnegeticOcto the Grappler (level 9, -1/89 HPs)
             Began as a Troll Warper on Mar 29, 2021.
             Was a Follower of Cheibriados.
             Slain by a wyvern (15 damage)
             ... on level 10 of the Dungeon.
             The game lasted 00:09:22 (1579 turns).

EnegeticOcto the Grappler (Troll Warper)            Turns: 1579, Time: 00:09:23

Health: -1/89      AC:  4    Str: 24    XL:     9   Next: 32%
Magic:  13/18      EV: 10    Int: 15    God:    Cheibriados [*.....]
Gold:   345        SH:  0    Dex: 12    Spells: 5/10 levels left

rFire    . . .     SeeInvis .     - Unarmed
rCold    . . .     Faith    .   (no shield)
rNeg     . . .     Spirit   .   a - +0 robe
rPois    .         Reflect  .   (helmet restricted)
rElec    .         Harm     .   (no cloak)
rCorr    .         Rampage  .   (gloves unavailable)
Will     .....                  (boots unavailable)
Stlth    +.........             (no amulet)
HPRegen  1.24/turn              h - ring of wizardry
MPRegen  0.16/turn              m - ring of magical power

@: very slow
A: large, unfitting armour, claws 3, regeneration 1, shaggy fur 1, tough skin 1
a: Renounce Religion, Bend Time


You were on level 10 of the Dungeon.
You worshipped Cheibriados.
Cheibriados was aware of your devotion.
You visited 1 branch of the dungeon, and saw 10 of its levels.

You collected 345 gold pieces.

Inventory:

Missiles
 d - 5 boomerangs of dispersal
 g - 2 large rocks (quivered)
 o - 4 silver boomerangs
 q - a curare-tipped dart
 u - 5 javelins
Armour
 a - a +0 robe (worn)
Magical Staves
 n - a staff of air
   (You found it on level 7 of the Dungeon)
Jewellery
 h - a ring of wizardry (left claw)
   (You found it on level 4 of the Dungeon)
 k - a +6 ring of intelligence
   (You found it on level 5 of the Dungeon)
 m - a ring of magical power (right claw)
   (You found it on level 6 of the Dungeon)
Wands
 r - a wand of charming (3)
   (You found it on level 7 of the Dungeon)
Scrolls
 c - 2 scrolls of blinking {@r4}
 j - 2 scrolls of teleportation {@r3 !r}
 t - a scroll of amnesia
Potions
 b - a potion of heal wounds {unknown}
 e - a potion of haste {unknown}
 f - 3 potions of invisibility {unknown}
 i - a potion of curing {@q1 !q}
 l - a potion of brilliance {unknown}
 s - 2 potions of degeneration {unknown}


   Skills:
 + Level 6.1 Fighting
 - Level 0.8 Throwing
 - Level 1.9 Dodging
 * Level 10.2 Unarmed Combat
 - Level 1.2 Spellcasting
 + Level 3.3 Translocations


You had 5 spell levels left.
You knew the following spells:

 Your Spells              Type           Power      Damage    Failure   Level
a - Lesser Beckoning      Tloc           5%         N/A       8%          3
Y - Blink                 Tloc           N/A        N/A       3%          2

Your spell library contained the following spells:

 Spells                   Type           Power      Damage    Failure   Level
 Gell's Gravitas          Tloc           5%         N/A       8%          3
 Teleport Other           Tloc           11%        N/A       8%          3
 Manifold Assault         Tloc           11%        N/A       52%         5


Dungeon Overview and Level Annotations

Branches:
Dungeon (10/15)
 Temple: D:4-7         Lair: D:8-11         Orc: D:9-12

Altars:
Ashenzari
Cheibriados
Kikubaaqudgha
Nemelex Xobeh
Yredelemnul


Innate Abilities, Weirdness & Mutations

You are too large for most types of armour.
You have claws for hands.
Your natural rate of healing is unusually fast.
You are covered in fur. (AC +1)
You have tough skin. (AC +1)


Message History

Confirm with . or Enter, or press ? or * to list all spells.
You blink.
Casting: Blink (safe; 4% risk of failure)
Confirm with . or Enter, or press ? or * to list all spells.
You blink.
Casting: Blink (safe; 4% risk of failure)
Confirm with . or Enter, or press ? or * to list all spells.
You blink.
Casting: Blink (safe; 4% risk of failure)
Confirm with . or Enter, or press ? or * to list all spells.
You blink.
A two-headed ogre comes into view.
It is wielding a +0 giant spiked club and a +0 giant club.
The two-headed ogre shouts in stereo!
Throw: 4 large rocks
Press: ? - help, Q - select action, (/) - cycle Shift-Dir - straight line, f - two-headed ogre
Aim: a two-headed ogre, wielding a +0 giant spiked club and a +0 giant club (74% to hit)
You throw a large rock.
The large rock barely misses the two-headed ogre.
A howler monkey comes into view.
The howler monkey howls!
You scratch the two-headed ogre.
The two-headed ogre is lightly wounded.
The two-headed ogre hits you with a +0 giant spiked club!
The two-headed ogre hits you but does no damage.
You barely miss the two-headed ogre.
The two-headed ogre is lightly wounded.
The two-headed ogre hits you with a +0 giant spiked club!
The two-headed ogre hits you with a +0 giant club!
You scratch the two-headed ogre.
The two-headed ogre is lightly wounded.
The two-headed ogre hits you with a +0 giant spiked club!
The two-headed ogre barely misses you.
You mangle the two-headed ogre!!
The two-headed ogre is heavily wounded.
The howler monkey hoots and howls with incredible vigour!
The two-headed ogre hits you with a +0 giant spiked club!
The two-headed ogre hits you with a +0 giant club!!
* * * LOW HITPOINT WARNING * * *
Casting: Blink (safe; 4% risk of failure)
Confirm with . or Enter, or press ? or * to list all spells.
You blink.
Aiming: Corrosive Bolt
Press: ? - help, Shift-Dir - straight line, f/p - two-headed ogre
Aim: a two-headed ogre, wielding a +0 giant spiked club and a +0 giant club (heavily wounded, 14% to evade)
The bolt of acid hits the two-headed ogre!
The two-headed ogre is splashed with acid.
The two-headed ogre is severely wounded.
Aiming: Corrosive Bolt
Press: ? - help, Shift-Dir - straight line, f/p - two-headed ogre
Aim: a two-headed ogre, wielding a +0 giant spiked club and a +0 giant club (severely wounded, 14% to evade)
The bolt of acid hits the two-headed ogre!
The two-headed ogre is splashed with acid!
The acid corrodes the two-headed ogre!
The two-headed ogre is almost dead.
The bolt of acid hits the howler monkey!
The howler monkey is splashed with acid.
The acid corrodes the howler monkey!
You kill the howler monkey!
Cheibriados thoroughly appreciates the change of pace.
The now-empty wand crumbles to dust.
You have reached level 9!
Your experience leads to an increase in your attributes!
Your base attributes are Str 20, Int 11, Dex 9.
Increase (s)trength, (i)ntelligence, or (d)exterity?
You feel clever.
You feel stronger.
You claw the two-headed ogre!
You kill the two-headed ogre!
Cheibriados appreciates the change of pace.
Your Fighting skill increases to level 6!
Your Unarmed Combat skill increases to level 10!
Your Translocations skill increases to level 3!
Things that are here:
a +0 giant spiked club; a +0 giant club; a two-headed ogre corpse A wyvern comes into view.
Found a stone staircase leading down.
You see here a large rock.
g - 4 large rocks (gained 1)
Okay, then.
Throw: 4 large rocks
Press: ? - help, Q - select action, (/) - cycle Shift-Dir - straight line, f - wyvern
Aim: a wyvern (wandering, hasn't noticed you, 60% to hit)
You throw a large rock.
The large rock closely misses the wyvern.
Throw: 3 large rocks
Press: ? - help, Q - select action, (/) - cycle Shift-Dir - straight line, f/p - wyvern
Aim: a wyvern (60% to hit)
You throw a large rock. The large rock hits the wyvern.
The wyvern is lightly wounded.
The wyvern bites you!
* * * LOW HITPOINT WARNING * * *
The wyvern closely misses you.
You scratch the wyvern but do no damage.
The wyvern is lightly wounded.
The wyvern bites you!
* * * LOW HITPOINT WARNING * * *
Okay, then.
Casting: Blink (safe; 3% risk of failure)
Confirm with . or Enter, or press ? or * to list all spells.
You blink.
The wyvern bites you!
You die...

..........)...........#
?.......................
.............###........
...............#.......##
...............#.....PPPP
....(...............P...P
..................#.P...P
.........).......##.P...P
......(.@.......####PPPPP
.......l...)...## #....#
.......ยง.......# #....#
..............## ##...#
.............## #...#
..............# #....
................ #....
................
.................


You could see a wyvern.

Vanquished Creatures
  A two-headed ogre (D:10)
  Joseph (D:8)
  A water moccasin (D:6)
  An orc warrior (D:8)
  A sky beast (D:5)
  A black bear (D:4)
  2 ogres
  A necrophage (D:6)
  2 centaurs
  2 kobold brigands
  2 bullfrogs
  A gnoll sergeant (D:9)
  A water moccasin skeleton (D:5)
  3 howler monkeys
  A centaur zombie (D:8)
  2 orc priests (D:5)
  A bullfrog skeleton (D:4)
  An iguana (D:5)
  3 orc wizards
  A hound zombie (D:5)
  7 gnolls
  A howler monkey skeleton (D:5)
  2 adders
  2 white imps
  An adder skeleton (D:5)
  A worm (D:3)
  4 dart slugs
  8 orcs
  2 endoplasms
  A giant cockroach (D:2)
  A hobgoblin (D:1)
  7 jackals
  8 kobolds
  3 quokkas (D:1)
  2 ball pythons
  A frilled lizard (D:3)
  3 goblins
  2 rats
  A toadstool (D:10)
86 creatures vanquished.

Notes
Turn   | Place    | Note
-------+----------+-------------------------------------------
     0 | D:1      | EnegeticOcto the Troll Warper began the quest for the Orb.
     0 | D:1      | Reached XP level 1. HP: 19/19 MP: 1/1
   106 | D:2      | Reached XP level 2. HP: 28/28 MP: 2/2
   136 | D:2      | Reached skill level 2 in Fighting
   151 | D:2      | Reached skill level 3 in Unarmed Combat
   166 | D:2      | Reached XP level 3. HP: 35/35 MP: 3/3
   312 | D:4      | Found a broken altar of Ashenzari.
   323 | D:4      | Noticed an ogre
   344 | D:4      | Killed an ogre
   345 | D:4      | Reached skill level 4 in Unarmed Combat
   345 | D:4      | Reached XP level 4. HP: 21/44 MP: 4/4
   349 | D:4      | Noticed a black bear
   365 | D:4      | Killed a black bear
   366 | D:4      | Reached skill level 3 in Fighting
   366 | D:4      | Reached skill level 5 in Unarmed Combat
   366 | D:4      | Reached XP level 5. HP: 26/53 MP: 5/5
   448 | D:4      | Reached XP level 6. HP: 61/61 MP: 6/6
   465 | D:4      | Learned a level 2 spell: Blink
   469 | D:4      | Learned a level 3 spell: Lesser Beckoning
   490 | D:5      | Entered Level 5 of the Dungeon
   547 | D:5      | Found a snail-covered altar of Cheibriados.
   547 | D:5      | Found a basalt altar of Yredelemnul.
   547 | D:5      | Found an ancient bone altar of Kikubaaqudgha.
   551 | D:5      | Found a sparkling altar of Nemelex Xobeh.
   558 | D:5      | Became a worshipper of Cheibriados the Contemplative
   600 | D:5      | Noticed a sky beast
   612 | D:5      | Killed a sky beast
   613 | D:5      | Reached skill level 6 in Unarmed Combat
   619 | D:5      | Reached XP level 7. HP: 68/68 MP: 7/7
   681 | D:5      | Reached skill level 4 in Fighting
   786 | D:6      | Reached * piety under Cheibriados
   787 | D:6      | Reached skill level 7 in Unarmed Combat
   982 | D:8      | Reached XP level 8. HP: 76/79 MP: 8/8
  1029 | D:8      | Reached skill level 8 in Unarmed Combat
  1128 | D:8      | Noticed Joseph
  1140 | D:8      | Killed Joseph
  1141 | D:8      | Reached skill level 5 in Fighting
  1141 | D:8      | Reached skill level 9 in Unarmed Combat
  1475 | D:10     | Entered Level 10 of the Dungeon
  1558 | D:10     | Noticed a two-headed ogre
  1569 | D:10     | Reached XP level 9. HP: 14/89 MP: 9/9
  1570 | D:10     | Killed a two-headed ogre
  1571 | D:10     | Reached skill level 6 in Fighting
  1571 | D:10     | Reached skill level 10 in Unarmed Combat
  1571 | D:10     | Reached skill level 3 in Translocations
  1579 | D:10     | Slain by a wyvern

Illustrated notes

Levels and vault maps discovered:
D:1:      amcnicky_arrival_double_pillar, layout_basic
D:2:      minmay_angry_zag, layout_rooms, serial_shops, shop_statue,
          st_stairs_14, uniq_sigmund
D:3:      layout_basic, general_overflow_altar, ebering_ghost_rock_garden,
          minmay_close_crescents
D:4:      layout_rooms, minmay_temple_entry_trees, ebering_ghost_sewer_f,
          minmay_statues_item, ashenzari_altar_1
D:5:      layout_basic, chequers_temple_overflow_statue_of_worship,
          gammafunk_ghost_hive
D:6:      layout_basic, serial_shops, kennysheep_little_box, uniq_edmund,
          uniq_pikel
D:7:      layout_loops_ring
D:8:      layout_basic, kennysheep_okawaru_gauntlet, st_stairs_11,
          nicolae_tso_carved_into_rock, uniq_joseph
D:9:      layout_roguey, lair_entry_dummy
D:10:     layout_layer_cave, serial_shops, shop, minmay_gold_behind_fungi,
          minivault_19, hangedman_misty_isle

Skill      XL: |  1  2  3  4  5  6  7  8  9 |
---------------+----------------------------+-----
Fighting       | 2 3 4 5 6 |  6.1
Unarmed Combat | 3 4 5 6 7 9 10 | 10.2
Translocations | 3 |  3.3
Throwing       | |  0.8
Dodging        | |  1.9
Spellcasting   | |  1.2

Action                   |  1- 3 |  4- 6 |  7- 9 || total
-------------------------+-------+-------+-------++-------
Melee: Unarmed           |    81 |    67 |   103 ||   251
       Punch             |       |     3 |     3 ||     6
Throw: Large rock        |     2 |       |     6 ||     8
 Cast: Blink             |       |     3 |    13 ||    16
Evoke: Wand              |       |       |     5 ||     5
  Use: Scroll            |       |       |     5 ||     5
Armor: Robe              |    42 |    13 |    17 ||    72
Dodge: Dodged            |    40 |    30 |    52 ||   122

Table legend: (Time is in decaauts)
 A = Elapsed time spent in this place.
 B = Non-inter-level travel time spent in this place.
 C = Inter-level travel time spent in this place.
 D = Time resting spent in this place.
 E = Time spent auto-exploring this place.
 F = Levels seen in this place.
 G = Mean time per level.
                   A        B        C        D        E       F      G
               +--------+--------+--------+--------+--------+-----+--------+
         Total |   1843 |   1762 |     81 |      0 |      0 |  10 |  184.3 |
       Dungeon |   1843 |   1762 |     81 |      0 |      0 |  10 |  184.3 |
               +--------+--------+--------+--------+--------+-----+--------+

Top non-repeatable levels by time:
     D:8: 460 daAuts
     D:5: 261 daAuts
     D:6: 209 daAuts
     D:4: 176 daAuts
     D:2: 163 daAuts
     D:9: 158 daAuts
    D:10: 135 daAuts
     D:7: 133 daAuts
     D:1: 74 daAuts
     D:3: 70 daAuts
